 Dungeon Crawl Stone Soup version 0.17.1-2-g5865329 (webtiles) character file.

25074 Vorrek the Blocker (level 13, 0/135 HPs)
             Began as a Hill Orc Fighter on Feb 9, 2016.
             Was a High Priest of Beogh.
             Slain by an elephant (18 damage)
             ... on level 7 of the Lair of Beasts on Feb 10, 2016.
             The game lasted 00:49:22 (15409 turns).

Vorrek the Blocker (Hill Orc Fighter)              Turns: 15409, Time: 00:49:25

Health: 0/135      AC: 19    Str: 21    XL:     13   Next: 17%
Magic:  22/22      EV: 14    Int:  8    God:    Beogh [*****.]
Gold:   553        SH: 14    Dex: 13    Spells: 2 memorised, 3 levels left

rFire  . . .     SeeInvis .     l - +3 whip (elec)
rCold  . . .     Clarity  .     E - +3 scale mail "Ythricarhu" {+Fly rCorr MP+9 Str-2}
rNeg   + . .     SustAt   .     c - +0 shield
rPois  +         Gourm    .     (helmet restricted)
rElec  .         Spirit   .     p - +0 cloak
rCorr  +         Warding  .     i - +2 pair of gloves {archery}
rMut   .         Stasis   +     o - +0 pair of boots
MR     .....                    D - amulet of stasis
Stlth  +.........               Q - ring of poison resistance
                                x - ring of positive energy

@: not resistant to hostile enchantments, very unstealthy
A: walk on water, antennae 1, blurry vision 3, mutation resistance 1, robust 2,
strong 1
a: Smiting, Recall Orcish Followers, Give Item to Named Follower, Renounce
Religion, Evoke Flight


You were on level 7 of the Lair of Beasts.
You worshipped Beogh.
Beogh was extremely pleased with you.
You were not hungry.

You visited 2 branches of the dungeon, and saw 17 of its levels.
You also visited: Ossuary.

You collected 733 gold pieces.
You spent 180 gold pieces at shops.

Inventory:

Hand Weapons
 a - a +1 flail
 l - a +3 whip of electrocution (weapon)
Missiles
 m - 4 javelins (quivered)
Armour
 c - a +0 shield (worn)
 i - a +2 pair of gloves of archery (worn)
 o - a +0 pair of boots (worn)
 p - a +0 cloak (worn)
 E - the +3 scale mail "Ythricarhu" (worn) {+Fly rCorr MP+9 Str-2}
   (You found it on level 5 of the Dungeon)

   It affects your strength (-2).
   It affects your magic capacity (+9).
   It lets you fly.
   It protects you from acid and corrosion.
Jewellery
 x - a ring of positive energy (left hand)
 A - an uncursed ring of loudness
 D - an amulet of stasis (around neck)
 Q - a ring of poison resistance (right hand)
 Y - the ring "Woyjese" {Wiz *Corrode rElec Dex+4}
   (You found it on level 4 of the Lair of Beasts)

   [ring of wizardry]

   It improves your spell success rate.
   It affects your dexterity (+4).
   It insulates you from electricity.
   It may corrode your equipment when you take damage.
Wands
 k - a wand of enslavement (8)
 r - a wand of flame (25)
 w - a wand of teleportation (5)
 H - a wand of slowing (29)
 L - a wand of lightning (4)
 S - a wand of random effects (16)
 W - a wand of magic darts (22)
Scrolls
 j - 10 scrolls of teleportation
 t - 4 scrolls of remove curse
 v - 4 scrolls of blinking
 y - 4 scrolls of magic mapping
 C - 4 scrolls of amnesia
 I - 5 scrolls of identify
 J - a scroll of fear {unknown}
 N - 2 scrolls of recharging
 T - a scroll of summoning
Potions
 e - 4 potions of agility
 f - a potion of cure mutation {unknown}
 g - a potion of flight {unknown}
 h - 5 potions of curing
 n - a potion of haste
 s - 4 potions of brilliance
 G - 4 potions of heal wounds {unknown}
 O - a potion of resistance {unknown}
 R - a potion of invisibility {unknown}
 U - a potion of experience {unknown}
 X - a potion of cancellation {unknown}
Books
 d - an Akashic Record

   Spells                             Type                      Level
   a - Dispersal                      Translocation                6
   b - Malign Gateway                 Summoning/Translocation      7
   c - Disjunction                    Translocation                8
   d - Controlled Blink               Translocation                8
 F - a Grand Grimoire

   Spells                             Type                      Level
   a - Monstrous Menagerie            Summoning                    6
   b - Summon Greater Demon           Summoning                    7
   c - Malign Gateway                 Summoning/Translocation      7
   d - Summon Horrible Things         Summoning                    8
 K - a book of the Warp

   Spells                             Type                      Level
   a - Recall                         Summoning/Translocation      3
   b - Gell's Gravitas                Hexes/Translocation          3
   c - Force Lance                    Conjuration/Translocation    4
   d - Phase Shift                    Translocation                5
   e - Warp Weapon                    Charms/Translocation         5
   f - Summon Forest                  Summoning/Translocation      5
Miscellaneous
 b - a plain deck of war
 B - a lantern of shadows
Comestibles
 q - 2 meat rations
 u - 9 beef jerkies
 z - 13 bread rations
 M - 21 fruits
 P - 4 slices of pizza
 V - a royal jelly


   Skills:
 + Level 10.1 Fighting
 + Level 8.9 Maces & Flails
 + Level 0.3 Throwing
 + Level 10.3 Armour
 + Level 8.9 Dodging
 - Level 2.0 Stealth
 + Level 13.8 Shields


You had 3 spell levels left.
You knew the following spells:

 Your Spells              Type           Power        Failure   Level  Hunger
a - Monstrous Menagerie   Summ           #.........   100%        6    #######
b - Recall                Summ/Tloc      N/A          100%        3    ####...


Dungeon Overview and Level Annotations

Branches:
Dungeon (10/15)            Temple (0/1) D:5            Lair (7/8) D:10
 Shoals (0/4) Lair:3       Spider (0/4) Lair:4
  Slime: Lair:6-8       Orc: D:9-12

Altars:
Dithmenos
Gozag
Ru

Shops:
D:4 [   D:5 (   D:6 %

Annotations:
Lair:7 exclusion: oklob plant


Innate Abilities, Weirdness & Mutations

You can walk on water.
You have a pair of small antennae on your head.
Scrolls take you much longer to read.
You are somewhat resistant to further mutation.
You are very robust (+20% HP).
Your muscles are strong. (Str +2)


Message History

Berold barely misses the elephant.
The elephant tramples you!!
* * * LOW HITPOINT WARNING * * *
You stumble backwards!
The elephant tramples Berold!
Berold stumbles backwards!
The elephant rages.
Berold hits the elephant with an uncursed quarterstaff of chaos!!
Berold burns the elephant!
Drink which item? (? for menu, Esc to quit)
It was a potion of haste.
This potion cannot work under stasis.
The elephant closely misses you. You block the elephant's attack.
The elephant tramples Berold!
Berold stumbles backwards!
The elephant completely misses you. The elephant barely misses you.
Drink which item? (? for menu, Esc to quit)
You feel better.
Berold hits the elephant with an uncursed quarterstaff of chaos!!
Berold burns the elephant.
The elephant dies!
Beogh accepts your kill. The elephant tramples you!!
You die...

#.......().............
##....[........#.......
.........(....#.#......
...........<.P###......
#.PP...(..#PP##..#..'.
###...(...#####.#..#.. #
#.#...(.##########..
..######.....#...## #.#.+
......#..@........# ###...
.........YYo......# #.#...
...P..P....†....######....
P>.P###..........#........
. . #....................
##............#.##...
#...........#...####
####.....P.###### #
##.#.####


You could see 2 elephants and the friendly Berold the orc warlord.

Vanquished Creatures
  Erolcha (D:8)
  A hydra (Lair:1)
  The ghost of Iamburgie the Fighter, a novice MiFi of Okawaru (D:10)
  2 death yaks (Lair:5)
  Pikel (D:5)
  2 black mambas (Lair:6)
  6 elephants
  Joseph (D:8)
  2 molten gargoyles (Lair:1)
  3 spiny frogs
  2 centaur skeletons (D:10)
  The ghost of ChunderTock the Slicer, a novice KoBe of Trog (D:4)
  A komodo dragon (Lair:6)
  A spriggan druid (Lair:5)
  A polar bear (Lair:5)
  A snapping turtle (Lair:3)
  3 blink frogs
  6 yaks
  A fire elemental (Lair:1)
  2 fire bats (Lair:1)
  2 hippogriffs
  Grum (D:8)
  A basilisk (Lair:2)
  Menkaure (D:5)
  3 water moccasins
  2 wolves (D:8)
  3 porcupines
  2 phantoms
  4 spiders (Lair:4)
  3 ogres
  A slave (D:5)
  6 giant frogs
  3 centaurs
  4 crocodiles
  A scorpion (D:10)
  An electric eel (D:8)
  7 wights
  A lava snake (Lair:1)
  A giant frog zombie (D:8)
  3 hounds
  2 human zombies (Ossuary)
  3 quasits
  A jelly (D:6)
  3 crimson imps
  Crazy Yiuf (D:5)
  5 iguanas
  An orc priest (D:6)
  7 orc wizards
  8 worker ants
  2 hound zombies
  4 mummies (Ossuary)
  A worker ant zombie (D:3)
  7 gnolls
  12 river rats
  13 adders
  An ooze (D:3)
  2 adder zombies
  A worm (D:2)
  5 giant geckos
  14 orcs
  5 giant cockroaches
  A gnoll zombie (Ossuary)
  8 hobgoblins
  12 jackals
  9 kobolds
  2 quokkas
  2 ball pythons
  9 bats
  A giant gecko skeleton (D:7)
  A giant gecko zombie (D:7)
  7 giant newts
  11 goblins
  2 hobgoblin zombies (Ossuary)
  A jackal skeleton (D:3)
  2 jackal zombies (Ossuary)
  A kobold zombie (Ossuary)
  2 quokka skeletons
  18 rats
  2 rat zombies (Ossuary)
  A fire vortex (Lair:1)
279 creatures vanquished.

Vanquished Creatures (collateral kills)
  Nessos (Lair:7)
  3 hydras
  3 death yaks (Lair:5)
  The ghost of Jerry the Tainter, a novice OpWz of Vehumet (D:9)
  2 elephants
  A black mamba (Lair:6)
  2 torpor snails
  A spiny frog (Lair:4)
  A fire drake (Lair:2)
  3 komodo dragons
  2 boulder beetles
  9 blink frogs
  4 yaks
  A deep elf mage (D:10)
  4 hippogriffs
  A deep elf fighter (D:10)
  5 fire bats (Lair:1)
  A wolf (Lair:5)
  2 porcupines
  A lava snake (Lair:1)
  6 water moccasins
  A spider (Lair:4)
  A black bear (Lair:5)
  An ogre (D:10)
  7 crocodiles
  6 giant frogs
  2 wights (D:10)
  2 crimson imps
  A hound (D:10)
  4 iguanas
  An orc wizard (D:10)
  14 river rats
  2 adders
  An orc (D:10)
  6 bats (D:10)
  2 fungi
  A plant (Lair:6)
106 creatures vanquished.

Vanquished Creatures (others)
  An orc priest (Lair:1)
  3 orcs
  A fungus (Lair:7)
  2 plants
7 creatures vanquished.

Grand Total: 392 creatures vanquished

Notes
Turn   | Place    | Note
--------------------------------------------------------------
     0 | D:1      | Vorrek the Hill Orc Fighter began the quest for the Orb.
     0 | D:1      | Reached XP level 1. HP: 19/19 MP: 1/1
   111 | D:1      | Reached XP level 2. HP: 6/27 MP: 2/2
   673 | D:1      | Reached XP level 3. HP: 33/33 MP: 3/3
   781 | D:1      | Reached skill level 4 in Shields
  1085 | D:2      | Reached XP level 4. HP: 38/40 MP: 4/4
  1450 | D:2      | Reached skill level 1 in Dodging
  1956 | D:3      | Reached XP level 5. HP: 46/46 MP: 5/5
  2140 | D:3      | Became a worshipper of Beogh the Brigand
  2640 | D:4      | Found Icepp's Armour Shoppe.
  2942 | D:4      | Reached skill level 5 in Shields
  2943 | D:4      | Noticed ChunderTock's ghost (novice KoBe)
  2952 | D:4      | Killed ChunderTock's ghost
  2952 | D:4      | Reached skill level 5 in Fighting
  2952 | D:4      | Reached XP level 6. HP: 24/56 MP: 6/6
  2952 | D:4      | Reached XP level 7. HP: 26/61 MP: 7/7
  3575 | D:4      | Found a shadowy altar of Dithmenos.
  3575 | D:4      | Noticed a phantom
  3590 | D:4      | Killed a phantom
  3656 | D:5      | Entered Level 5 of the Dungeon
  3789 | D:5      | Noticed Pikel
  3814 | D:5      | Killed Pikel
  3814 | D:5      | Reached skill level 5 in Armour
  3814 | D:5      | Reached skill level 6 in Shields
  3814 | D:5      | Reached XP level 8. HP: 47/70 MP: 8/8
  4045 | D:5      | Found a staircase to the Ecumenical Temple.
  4180 | D:5      | Got an ichor-stained scale mail
  4191 | D:5      | Identified the +3 scale mail "Ythricarhu" {+Fly rCorr MP+9 Str-2} (You found it on level 5 of the Dungeon)
  4243 | D:5      | Reached skill level 7 in Shields
  4268 | D:5      | Noticed Menkaure
  4273 | D:5      | Killed Menkaure
  4291 | D:5      | Learned a level 6 spell: Monstrous Menagerie
  4331 | D:5      | Found Heaskani's Antique Weapon Shoppe.
  4373 | D:5      | Reached * piety under Beogh
  4438 | D:5      | Noticed Crazy Yiuf
  4451 | D:5      | Killed Crazy Yiuf
  4588 | D:6      | Reached XP level 9. HP: 68/78 MP: 9/9
  4722 | D:6      | Reached skill level 5 in Maces & Flails
  4723 | D:6      | Found Geqiuhum's Food Boutique.
  4975 | D:6      | Bought a bread ration for 60 gold pieces
  4975 | D:6      | Bought a bread ration for 60 gold pieces
  4975 | D:6      | Bought a meat ration for 60 gold pieces
  4998 | D:6      | Found a sand-covered staircase.
  5024 | D:6      | Got a faintly humming plate armour
  5035 | D:6      | Identified the cursed +1 plate armour of the Garden {*Corrode MP+9 Str-2 Int+2} (You found it on level 6 of the Dungeon)
  5083 | D:6      | Reached skill level 8 in Shields
  5165 | Ossuary  | Entered an ossuary
  5188 | Ossuary  | Reached ** piety under Beogh
  5790 | D:7      | Gained mutation: Scrolls take you a little longer to read. [potion of mutation]
  5790 | D:7      | Gained mutation: Scrolls take you longer to read. [potion of mutation]
  5790 | D:7      | Gained mutation: You are robust (+10% HP). [potion of mutation]
  5791 | D:7      | Gained mutation: You are very robust (+20% HP). [potion of mutation]
  5791 | D:7      | Gained mutation: Your muscles are strong. (Str +2) [potion of mutation]
  5792 | D:7      | Gained mutation: Scrolls take you much longer to read. [potion of mutation]
  5792 | D:7      | Gained mutation: You have a pair of small antennae on your head. [potion of mutation]
  5793 | D:7      | Gained mutation: You are somewhat resistant to further mutation. [potion of mutation]
  6358 | D:8      | Reached skill level 5 in Dodging
  6363 | D:8      | Reached skill level 9 in Shields
  6464 | D:8      | Noticed Joseph
  6490 | D:8      | Killed Joseph
  6490 | D:8      | Reached skill level 1 in Stealth
  6490 | D:8      | Reached XP level 10. HP: 67/103 MP: 10/10
  6597 | D:8      | Noticed Grum
  6611 | D:8      | Killed Grum
  6659 | D:8      | Noticed Erolcha
  6670 | D:8      | Reached *** piety under Beogh
  6705 | D:8      | Killed Erolcha
  6705 | D:8      | Reached skill level 10 in Shields
  7171 | D:8      | Learned a level 3 spell: Recall
  7239 | D:8      | Got a warped leather armour
  7243 | D:8      | Identified the cursed +0 leather armour "Pefetiw" {rF- rN++ Dex+4} (You found it on level 8 of the Dungeon)
  7365 | D:9      | Gained Berold as an ally
  7424 | D:9      | Found a sacrificial altar of Ru.
  7612 | D:9      | Noticed Jerry's ghost (novice OpWz)
  7624 | D:9      | Killed Jerry's ghost
  7969 | D:10     | Entered Level 10 of the Dungeon
  8021 | D:10     | Reached skill level 11 in Shields
  8044 | D:10     | Reached **** piety under Beogh
  8241 | D:10     | Found a staircase to the Lair.
  8243 | D:10     | Reached XP level 11. HP: 108/112 MP: 11/11
  8289 | D:10     | Noticed Iamburgie's ghost (novice MiFi)
  8301 | D:10     | Killed Iamburgie's ghost
  8630 | Lair:1   | Entered Level 1 of the Lair of Beasts
  9544 | Lair:1   | Noticed a five-headed hydra
  9555 | Lair:1   | Killed a five-headed hydra
  9617 | Lair:1   | Reached ***** piety under Beogh
  9855 | Lair:2   | Reached skill level 12 in Shields
 10084 | Lair:2   | Noticed an eight-headed hydra
 10095 | Lair:2   | Killed an eight-headed hydra
 10788 | Lair:3   | Reached XP level 12. HP: 123/123 MP: 12/12
 11092 | Lair:3   | Found a staircase to the Shoals.
 11492 | Lair:4   | Noticed a four-headed hydra
 11506 | Lair:4   | Killed a four-headed hydra
 11525 | Lair:4   | Found a hole to the Spider Nest.
 12023 | Lair:4   | Found a runed door.
 12524 | Lair:4   | Noticed an eight-headed hydra
 12531 | Lair:4   | Killed an eight-headed hydra
 12548 | Lair:4   | Got a faintly glowing ivory ring
 12846 | Lair:4   | Identified the ring "Woyjese" {Wiz *Corrode rElec Dex+4} (You found it on level 4 of the Lair of Beasts)
 12972 | Lair:5   | Noticed a death yak
 12973 | Lair:5   | Noticed a death yak
 12974 | Lair:5   | Noticed a death yak
 12974 | Lair:5   | Noticed a death yak
 12975 | Lair:5   | Noticed a death yak
 12979 | Lair:5   | Killed a death yak
 12988 | Lair:5   | Killed a death yak
 12988 | Lair:5   | Reached skill level 13 in Shields
 12993 | Lair:5   | Killed a death yak
 12999 | Lair:5   | Killed a death yak
 13003 | Lair:5   | Killed a death yak
 13199 | Lair:5   | Found an opulent altar of Gozag.
 13242 | Lair:5   | Reached skill level 10 in Armour
 14615 | Lair:6   | Reached XP level 13. HP: 135/135 MP: 13/13
 15236 | Lair:7   | Noticed Nessos
 15243 | Lair:7   | Reached skill level 10 in Fighting
 15253 | Lair:7   | Killed Nessos
 15409 | Lair:7   | Slain by an elephant

Action                   |  1- 3 |  4- 6 |  7- 9 | 10-12 | 13-15 || total
-------------------------+-------+-------+-------+-------+-------++-------
Melee: Flail             |   100 |       |       |       |       ||   100
       Whip              |    58 |   231 |   556 |   715 |    61 ||  1621
Throw: Javelin           |       |       |       |     3 |       ||     3
Invok: Give Item to Name |       |       |       |     1 |       ||     1
  Use: Scroll            |     2 |       |    18 |     4 |     1 ||    25
       Potion            |       |       |     6 |     7 |     1 ||    14
 Stab: Distracted        |       |       |       |     3 |     2 ||     5
       Paralysed         |       |       |       |     2 |       ||     2
       Petrifying        |       |       |       |     1 |       ||     1
  Eat: Bread ration      |     1 |     1 |       |       |       ||     2
       Meat ration       |       |       |     3 |     4 |     1 ||     8
       Beef jerky        |       |       |       |     1 |       ||     1
